MID
BELOIT SNAPPERS @ LEXINGTON LEGENDS
08/05/2048
 
TOP OF THE 1ST
Beloit Snappers batting - Pitching for Lexington Legends : RHP Phil Kellum
Pitching: RHP Phil Kellum
Batting: RHB Tony Crespo 0-0: Ball
1-0: Called Strike
1-1: Swinging Strike
1-2: Ball
2-2: Fly out, F3 (Line Drive, 34, EV 79.4 MPH)
Batting: LHB Jeremy Brammer 0-0: Called Strike
0-1: Swinging Strike
0-2: Ball
1-2: Strikes out looking
Batting: RHB Shannon Beck 0-0: Ball
1-0: SINGLE (Line Drive, 6D, EV 98.8 MPH)
Batting: LHB Felipe Gomez 0-0: Ball
1-0: Called Strike
1-1: Ball
2-1: Ground out 4-3 (Groundball, 4, EV 103.1 MPH)
Top of the 1st over - 0 runs, 1 hit, 0 errors, 1 left on base; Beloit 0 - Lexington 0
BOTTOM OF THE 1ST
Lexington Legends batting - Pitching for Beloit Snappers : RHP Jon Hollman
Pitching: RHP Jon Hollman
Batting: LHB Edgar Ortiz 0-0: Ball
1-0: Called Strike
1-1: Ball
2-1: Ball
3-1: Foul Ball, location: 2F
3-2: Strikes out looking
Batting: RHB Nate De Jongh 0-0: Fly out, F8 (Flyball, 8RXD, EV 102.5 MPH)
Batting: LHB Pablo Serrato 0-0: Foul Ball, location: 2F
0-1: Called Strike
0-2: Ball
1-2: Ball
2-2: Ball
3-2: Base on Balls
Batting: SHB Bill Ertl 0-0: Ball
1-0: Called Strike
1-1: Foul Ball, location: 2F
1-2: Fielders Choice at 2nd, 6-4 (Groundball, 6, EV 81.9 MPH)
Bottom of the 1st over - 0 runs, 0 hits, 0 errors, 1 left on base; Beloit 0 - Lexington 0
TOP OF THE 2ND
Beloit Snappers batting - Pitching for Lexington Legends : RHP Phil Kellum
Batting: LHB Nate Melendez 0-0: SINGLE (Groundball, 34D, EV 101.9 MPH)
Batting: RHB Jamie Jennings 0-0: Ball
1-0: Ball
2-0: Ball
3-0: Called Strike
3-1: Base on Balls
Nate Melendez to second
Pitching: RHP Ian Current
Batting: RHB Don Burt 0-0: Ball
1-0: Ball
2-0: Ball
3-0: Called Strike
3-1: Fielders Choice at 3rd, U5 (Groundball, 5L, EV 78.8 MPH)
Jamie Jennings to second
Batting: RHB Clay Statum 0-0: Ball
1-0: Foul Ball, location: 2F
1-1: Called Strike
1-2: Ball
2-2: Strikes out swinging
Batting: RHB Josh Lykins 0-0: Ball
1-0: Ball
2-0: Called Strike
2-1: Foul Ball, location: 2F
2-2: Strikes out swinging
Top of the 2nd over - 0 runs, 1 hit, 0 errors, 2 left on base; Beloit 0 - Lexington 0
BOTTOM OF THE 2ND
Lexington Legends batting - Pitching for Beloit Snappers : RHP Jon Hollman
Batting: RHB Phil Hamby 0-0: Ball
1-0: Ground out 6-3 (Groundball, 6, EV 82.5 MPH)
Batting: RHB Chang-keun Baik 0-0: Called Strike
0-1: Foul Ball, location: 2F
0-2: Strikes out swinging
Batting: RHB Pat McCoy 0-0: Ball
1-0: SOLO HOME RUN (Flyball, 7LD, EV 91.9 MPH), Distance : 346 ft
Batting: LHB Danny Pacheco 0-0: Foul Ball, location: 2F
0-1: Ball
1-1: Ground out 4-3 (Groundball, 4, EV 91.2 MPH)
Bottom of the 2nd over - 1 run, 1 hit, 0 errors, 0 left on base; Beloit 0 - Lexington 1
TOP OF THE 3RD
Beloit Snappers batting - Pitching for Lexington Legends : RHP Ian Current
Batting: RHB Tony Crespo 0-0: Called Strike
0-1: Ball
1-1: Ball
2-1: Ball
3-1: Foul Ball, location: 2F
3-2: Foul Ball, location: 2F
3-2: Ground out 5-3 (Groundball, 5L, EV 81.9 MPH)
Batting: LHB Jeremy Brammer 0-0: Foul Ball, location: 2F
0-1: Ground out 1-3 (Groundball, 13S, EV 66.2 MPH)
Batting: RHB Shannon Beck 0-0: Called Strike
0-1: Ball
1-1: Ball
2-1: Called Strike
2-2: Ball
3-2: Strikes out swinging
Top of the 3rd over - 0 runs, 0 hits, 0 errors, 0 left on base; Beloit 0 - Lexington 1
BOTTOM OF THE 3RD
Lexington Legends batting - Pitching for Beloit Snappers : RHP Jon Hollman
Batting: RHB Vic Nelson 0-0: Ball
1-0: Foul Ball, location: 2F
1-1: Fly out, F9 (Flyball, 9, EV 92.5 MPH)
Batting: LHB Edgar Ortiz 0-0: Ball
1-0: Ball
2-0: Called Strike
2-1: Called Strike
2-2: Ball
3-2: Ground out 4-3 (Groundball, 4, EV 82.5 MPH)
Batting: RHB Nate De Jongh 0-0: Ground out 2-3 (Groundball, 15S, EV 65.6 MPH)
Bottom of the 3rd over - 0 runs, 0 hits, 0 errors, 0 left on base; Beloit 0 - Lexington 1
TOP OF THE 4TH
Beloit Snappers batting - Pitching for Lexington Legends : RHP Ian Current
Batting: LHB Felipe Gomez 0-0: Called Strike
0-1: Ball
1-1: SOLO HOME RUN (Flyball, 9D, EV 96.2 MPH), Distance : 368 ft
Batting: LHB Nate Melendez 0-0: Called Strike
0-1: Ball
1-1: Foul Ball, location: 2F
1-2: Strikes out looking
Batting: RHB Jamie Jennings 0-0: Ball
1-0: Foul Ball, location: 2F
1-1: Ball
2-1: Ball
3-1: Called Strike
3-2: Strikes out swinging
Pitching: RHP Nam Phong
Batting: RHB Don Burt 0-0: Called Strike
0-1: Ball
1-1: Foul Ball, location: 2F
1-2: Foul Ball, location: 2F
1-2: Ball
2-2: Ball
3-2: Strikes out swinging
Top of the 4th over - 1 run, 1 hit, 0 errors, 0 left on base; Beloit 1 - Lexington 1
BOTTOM OF THE 4TH
Lexington Legends batting - Pitching for Beloit Snappers : RHP Jon Hollman
Batting: LHB Pablo Serrato 0-0: Ball
1-0: Ball
2-0: Called Strike
2-1: Ground out 6-3 (Groundball, 6, EV 106.2 MPH)
Batting: SHB Bill Ertl 0-0: Ball
1-0: Called Strike
1-1: Ball
2-1: Foul Ball, location: 2F
2-2: Foul Ball, location: 2F
2-2: Ball
3-2: Ground out 6-3 (Groundball, 4M, EV 83.1 MPH)
Batting: RHB Phil Hamby 0-0: Called Strike
0-1: Ball
1-1: Ball
2-1: Ground out 5-3 (Groundball, 56S, EV 84.4 MPH)
Bottom of the 4th over - 0 runs, 0 hits, 0 errors, 0 left on base; Beloit 1 - Lexington 1
TOP OF THE 5TH
Beloit Snappers batting - Pitching for Lexington Legends : RHP Nam Phong
Batting: RHB Clay Statum 0-0: Foul Ball, location: 2F
0-1: Called Strike
0-2: Strikes out swinging
Batting: RHB Josh Lykins 0-0: Foul Ball, location: 2F
0-1: Called Strike
0-2: Ball
1-2: Ball
2-2: Ball
3-2: Base on Balls
Batting: RHB Tony Crespo 0-0: DOUBLE (Line Drive, 89M, EV 88.8 MPH)
Josh Lykins to third
Batting: LHB Jeremy Brammer 0-0: Ball
1-0: Ball
2-0: Foul Ball, location: 2F
2-1: Swinging Strike
2-2: Foul Ball, location: 2F
2-2: Ground out 4-3 (Groundball, 34D, EV 103.1 MPH)
Josh Lykins scores
Tony Crespo to third
Batting: RHB Shannon Beck 0-0: Ball
1-0: Called Strike
1-1: Swinging Strike
1-2: Strikes out swinging
Top of the 5th over - 1 run, 1 hit, 0 errors, 1 left on base; Beloit 2 - Lexington 1
BOTTOM OF THE 5TH
Lexington Legends batting - Pitching for Beloit Snappers : RHP Jon Hollman
Batting: RHB Chang-keun Baik 0-0: Ball
1-0: Called Strike
1-1: Foul Ball, location: 2F
1-2: SINGLE (Groundball, 6MD, EV 100.6 MPH)
Batting: RHB Pat McCoy 0-0: Ball
1-0: Fielders Choice at 2nd, 1-6 (Groundball, 13, EV 70.6 MPH)
Batting: LHB Danny Pacheco 0-0: Called Strike
0-1: Ball
1-1: Ball
2-1: Foul Ball, location: 2F
2-2: Foul Ball, location: 2F
2-2: Strikes out swinging
Batting: RHB Vic Nelson 0-0: Ball
1-0: Ball
2-0: Called Strike
2-1: Called Strike
2-2: Ball
3-2: Base on Balls
Pat McCoy to second
Batting: LHB Edgar Ortiz 0-0: Ball
1-0: Called Strike
1-1: Foul Ball, location: 2F
1-2: Ball
2-2: Ball
3-2: SINGLE (Groundball, 34D, EV 95.0 MPH)
Pat McCoy to third
Vic Nelson to second
Pat McCoy scores
Vic Nelson to third
Batting: RHB Nate De Jongh 0-0: Called Strike
0-1: Fielders Choice at 2nd, 6-4 (Groundball, 6, EV 83.8 MPH)
Bottom of the 5th over - 1 run, 2 hits, 0 errors, 2 left on base; Beloit 2 - Lexington 2
TOP OF THE 6TH
Beloit Snappers batting - Pitching for Lexington Legends : RHP Nam Phong
Pitching: RHP Ryan Crump
Batting: LHB Felipe Gomez 0-0: Called Strike
0-1: Swinging Strike
0-2: Ball
1-2: Ball
2-2: Strikes out swinging
Batting: LHB Nate Melendez 0-0: Foul Ball, location: 2F
0-1: Foul Ball, location: 2F
0-2: Ball
1-2: Foul Ball, location: 2F
1-2: Ball
2-2: Foul Ball, location: 2F
2-2: Ball
3-2: SINGLE (Line Drive, 4MD, EV 104.4 MPH)
Batting: RHB Jamie Jennings 0-0: Ball
Nate Melendez steals 2nd base
1-0: Called Strike
1-1: Foul Ball, location: 2F
1-2: Ball
2-2: Ball
3-2: Strikes out swinging
Batting: RHB Don Burt 0-0: Ball
1-0: Called Strike
1-1: Swinging Strike
1-2: Ball
2-2: Strikes out swinging
Top of the 6th over - 0 runs, 1 hit, 0 errors, 1 left on base; Beloit 2 - Lexington 2
BOTTOM OF THE 6TH
Lexington Legends batting - Pitching for Beloit Snappers : RHP Jon Hollman
Batting: LHB Pablo Serrato 0-0: Called Strike
0-1: Fly out, F8 (Flyball, 8LM, EV 92.5 MPH)
Batting: SHB Bill Ertl 0-0: Foul Ball, location: 2F
0-1: Swinging Strike
0-2: Strikes out looking
Batting: RHB Phil Hamby 0-0: Ball
1-0: Swinging Strike
1-1: Foul Ball, location: 2F
1-2: Ball
2-2: Ball
3-2: SINGLE (Groundball, 56D, EV 100.6 MPH)
Pitching: LHP Alex Villagran
Batting: RHB Chang-keun Baik 0-0: Ball
1-0: Called Strike
1-1: Swinging Strike
1-2: Ground out 4-3 (Groundball, 34, EV 80.0 MPH)
Bottom of the 6th over - 0 runs, 1 hit, 0 errors, 1 left on base; Beloit 2 - Lexington 2
TOP OF THE 7TH
Beloit Snappers batting - Pitching for Lexington Legends : RHP Ryan Crump
Pitching: RHP Greg Sell
Batting: RHB Clay Statum 0-0: Called Strike
0-1: SINGLE (Line Drive, 4M, EV 108.8 MPH)
Batting: RHB Josh Lykins 0-0: Bunted foul
0-1: Bunted foul
0-2: Ball
1-2: Grounds into double play, 6-4-3 (Groundball, 6M, EV 81.9 MPH)
Batting: RHB Tony Crespo 0-0: Fly out, F9 (Flyball, 89M, EV 88.8 MPH)
Top of the 7th over - 0 runs, 1 hit, 0 errors, 0 left on base; Beloit 2 - Lexington 2
BOTTOM OF THE 7TH
Lexington Legends batting - Pitching for Beloit Snappers : LHP Alex Villagran
Batting: RHB Pat McCoy 0-0: Called Strike
0-1: Ball
1-1: Called Strike
1-2: Fly out, F4 (Popup, 4D, EV 54.4 MPH)
Batting: LHB Danny Pacheco 0-0: SINGLE (Flyball, 4D, EV 89.4 MPH)
Batting: RHB Vic Nelson 0-0: Ball
1-0: Ground out 5-3 (Groundball, 5, EV 93.8 MPH)
Danny Pacheco to second
Batting: LHB Edgar Ortiz 0-0: Called Strike
0-1: Ball
1-1: Fly out, F7 (Flyball, 78S, EV 66.9 MPH)
Bottom of the 7th over - 0 runs, 1 hit, 0 errors, 1 left on base; Beloit 2 - Lexington 2
TOP OF THE 8TH
Beloit Snappers batting - Pitching for Lexington Legends : RHP Greg Sell
Batting: LHB Jeremy Brammer 0-0: Ball
1-0: Fly out, F7 (Line Drive, 78M, EV 85.0 MPH)
Batting: RHB Shannon Beck 0-0: Ball
1-0: Foul Ball, location: 2F
1-1: Swinging Strike
1-2: Strikes out swinging
Batting: LHB Felipe Gomez 0-0: Ball
1-0: Foul Ball, location: 2F
1-1: Foul Ball, location: 2F
1-2: Ball
2-2: Foul Ball, location: 2F
2-2: Ball
3-2: Foul Ball, location: 2F
3-2: Base on Balls
Pitching: RHP Tony Jimenez
Batting: LHB Nate Melendez 0-0: Ball
1-0: Ball
2-0: Ball
3-0: Called Strike
3-1: Swinging Strike
3-2: Foul Ball, location: 2F
3-2: Strikes out swinging
Top of the 8th over - 0 runs, 0 hits, 0 errors, 1 left on base; Beloit 2 - Lexington 2
BOTTOM OF THE 8TH
Lexington Legends batting - Pitching for Beloit Snappers : LHP Alex Villagran
Pitching: RHP Jon Coakley
Batting: RHB Nate De Jongh 0-0: Called Strike
0-1: Fly out, F9 (Flyball, 89S, EV 75.0 MPH)
Batting: LHB Pablo Serrato 0-0: Called Strike
0-1: Ball
1-1: Foul Ball, location: 2F
1-2: Strikes out swinging
Batting: SHB Bill Ertl 0-0: DOUBLE (Flyball, 89D, EV 88.1 MPH)
Batting: RHB Phil Hamby 0-0: Called Strike
0-1: Ball
1-1: Called Strike
1-2: Ball
2-2: Ground out 4-3 (Groundball, 4, EV 104.4 MPH)
Bottom of the 8th over - 0 runs, 1 hit, 0 errors, 1 left on base; Beloit 2 - Lexington 2
TOP OF THE 9TH
Beloit Snappers batting - Pitching for Lexington Legends : RHP Tony Jimenez
Pinch Hitting: LHB Chance Stever 0-0: Ball
1-0: Called Strike
1-1: Foul Ball, location: 2F
1-2: Ground out 6-3 (Groundball, 6, EV 84.4 MPH)
Batting: RHB Don Burt 0-0: Ball
1-0: Called Strike
1-1: Fly out, F6 (Popup, P, EV 81.2 MPH)
Batting: RHB Clay Statum 0-0: Foul Ball, location: 2F
0-1: Foul Ball, location: 2F
0-2: Fly out, F8 (Flyball, 8RXD, EV 89.4 MPH)
Top of the 9th over - 0 runs, 0 hits, 0 errors, 0 left on base; Beloit 2 - Lexington 2
BOTTOM OF THE 9TH
Lexington Legends batting - Pitching for Beloit Snappers : RHP Jon Coakley
Now at 3B: Andrew Nicol
Batting: RHB Chang-keun Baik 0-0: Called Strike
0-1: DOUBLE (Line Drive, 89D, EV 107.5 MPH)
Batting: RHB Pat McCoy 0-0: Called Strike
0-1: Ball
1-1: Foul Ball, location: 2F
1-2: Ball
2-2: Ball
3-2: Foul Ball, location: 2F
3-2: Ground out 5-3 (Groundball, 56D, EV 90.0 MPH)
Batting: LHB Danny Pacheco 0-0: Called Strike
0-1: Ball
1-1: Swinging Strike
1-2: Fly out, F6 (Popup, 6M, EV 77.5 MPH)
Pinch Hitting: LHB Mike Bhatti 0-0: DOUBLE (Line Drive, 5D, EV 99.4 MPH)
Chang-keun Baik scores
Bottom of the 9th over - 1 run, 2 hits, 0 errors, 1 left on base; Beloit 2 - Lexington 3
Tuesday, March 28th , 2023 - OOTP Baseball 23.10 Build 110